 Dungeon Crawl Stone Soup version 0.30-a0-996-ga6910c8ee8 (webtiles) character file.

Game seed: 3749840313867410649

1 croobank the Covert (level 1, 0/23 HPs)
             Began as a Gnoll Delver on Apr 4, 2023.
             Slain by a hound (1 damage)
             ... on level 4 of the Dungeon.
             The game lasted 00:00:44 (50 turns).

croobank the Covert (Gnoll Delver)                    Turns: 50, Time: 00:00:44

Health: 0/23       AC:  3    Str: 11    XL:     1   Next: 20%
Magic:  1/1        EV: 13    Int:  9    God:
Gold:   0          SH:  0    Dex: 13    Spells: 0/0 levels left

rFire   . . .      SeeInvis .    a - +0 hand axe
rCold   . . .      Faith    .    (no shield)
rNeg    . . .      Spirit   .    b - +0 leather armour
rPois   .          Reflect  .    (no helmet)
rElec   .          Rampage  .    (no cloak)
rCorr   .                        (no gloves)
Will    .....                    (no boots)
Stlth   ++++                     (no amulet)
HPRegen 0.23/turn                (no ring)
MPRegen 0.07/turn                (no ring)

@: hasted, very quick
A: fangs 1, strong nose, distributed training
a: no special abilities


You were on level 4 of the Dungeon.
You visited 1 branch of the dungeon, and saw 3 of its levels.

Inventory:

Hand Weapons
 a - a +0 hand axe (weapon)
Armour
 b - a +0 leather armour (worn)
Jewellery
 d - a ring of ice
Wands
 g - a wand of digging (3)
Scrolls
 c - a scroll of fog


   Skills:
 + Level 6.4 Fighting
 + Level 0.0 Short Blades
 + Level 0.0 Long Blades
 + Level 4.4 Axes
 + Level 0.0 Maces & Flails
 + Level 0.0 Polearms
 + Level 0.0 Staves
 + Level 0.0 Ranged Weapons
 + Level 0.0 Throwing
 + Level 0.0 Armour
 + Level 4.4 Dodging
 + Level 9.5 Stealth
 + Level 0.0 Shields
 + Level 0.0 Unarmed Combat
 + Level 0.0 Spellcasting
 + Level 0.0 Conjurations
 + Level 0.0 Hexes
 + Level 0.0 Summonings
 + Level 0.0 Necromancy
 + Level 0.0 Translocations
 + Level 0.0 Transmutations
 + Level 0.0 Fire Magic
 + Level 0.0 Ice Magic
 + Level 0.0 Air Magic
 + Level 0.0 Earth Magic
 + Level 0.0 Poison Magic
 + Level 0.0 Invocations
 + Level 0.0 Evocations


You couldn't memorise any spells.
You didn't know any spells.
Your spell library was empty.

Dungeon Overview and Level Annotations

Branches:
Dungeon (6/15)             Temple (0/1) D:5

Altars:

Annotations:
D:6 Blork the orc


Innate Abilities, Weirdness & Mutations

You have very sharp teeth.
Your uncanny sense of smell can sniff out nearby items.
Your experience applies equally to all skills.


Message History

Found 10 gold pieces.
The helpless goblin fails to defend itself.
You hit the goblin.
You kill the goblin!
The hound barks!
Things that are here:
a +0 club; a goblin corpse You feel yourself speed up.
The hound bites you but does no damage.
You hit the hound.
The hound is moderately wounded.
The hound bites you.
You barely miss the hound.
The hound is moderately wounded.
The hound barely misses you.
You closely miss the hound. You bite the hound.
The hound is moderately wounded.
The hound bites you.
* * * LOW HITPOINT WARNING * * *
You hit the hound.
The hound is moderately wounded.
The hound closely misses you.
You closely miss the hound. Your bite misses the hound.
The hound is moderately wounded.
The hound closely misses you.
You closely miss the hound.
The hound is moderately wounded.
The hound bites you.
* * * LOW HITPOINT WARNING * * *
You hit the hound.
The hound is heavily wounded.
The hound bites you.
* * * LOW HITPOINT WARNING * * *
The hound attacks as you move away! The hound bites you.
* * * LOW HITPOINT WARNING * * *
Okay, then.
You aren't carrying any potions.
You hit the hound.
The hound is severely wounded.
The hound bites you.
You die...

###.# ....# #...#
#... ∆ ####..#
####....$ #
###....##.#####.#
............h@..#
........)########
.........#
.........#
.........#
##########


You could see a hound.

Vanquished Creatures
  A goblin (D:4)
1 creature vanquished.

Notes
Turn   | Place    | Note
-------+----------+-------------------------------------------
     0 | D:5      | Reached skill level 9 in Stealth
     0 | D:5      | croobank the Gnoll Delver began the quest for the Orb.
     0 | D:5      | Reached XP level 1. HP: 23/23 MP: 1/1
     1 | D:6      | Noticed Blork the orc
    32 | D:4      | Noticed a hound
    48 | D:4      | HP: 1/23 [hound (1)]
    50 | D:4      | Slain by a hound

Illustrated notes

Levels and vault maps discovered:
D:4:      layout_basic
D:5:      layout_basic, mainiacjoe_overflow_alcove_4, temple_doors_cd
D:6:      layout_cave_pools, minmay_ogre_servants, uniq_blork_the_orc

Skill      XL: | |
---------------+-+-----
Stealth        | |  9.5
Fighting       | |  6.4
Axes           | |  4.4
Dodging        | |  4.4

Action                     || total
---------------------------++-------
  Melee: Hand axe          ||    14
         Bite              ||     2
    Use: Scroll            ||     2
         Potion            ||     1
   Stab: Sleeping          ||     1
 Armour: Leather armour    ||     1
  Dodge: Dodged            ||     7

Table legend: (Time is in decaauts)
 A = Elapsed time spent in this place.
 B = Non-inter-level travel time spent in this place.
 C = Inter-level travel time spent in this place.
 D = Time resting spent in this place.
 E = Time spent auto-exploring this place.
 F = Levels seen in this place.
 G = Mean time per level.
                   A        B        C        D        E       F      G
               +--------+--------+--------+--------+--------+-----+--------+
         Total |     46 |     46 |      0 |      0 |      0 |   3 |   15.3 |
       Dungeon |     46 |     46 |      0 |      0 |      0 |   3 |   15.3 |
               +--------+--------+--------+--------+--------+-----+--------+

Top non-repeatable levels by time:
     D:5: 30 daAuts
     D:4: 14 daAuts
     D:6: 1 daAuts
